cohdb
Replays
Latest Replays
All Replays
Popular Replays
Top Player Replays
Match Explorer
How It Works
Community
CoH3 Stats
Reddit
Sign in to upload your games and track your stats! →
Sign in with Steam
Match 43151713
Unlisted
Match 43151713
Overview
Messages
Build Orders
End
Pioneer Squad
Kettenkrad Recon Vehicle
Construct Infanterie Kompanie
Selects Terror Battlegroup
Selects Machine Gun Camouflage
MG 42 Machine Gun Team
MG 42 Machine Gun Team
Grenadier Squad
Construct Luftwaffe Kompanie
221 Scout Car
Support Elements
Jäger Squad
Selects No Quarter
Wirbelwind Flakpanzer
Wirbelwind Flakpanzer
Jäger Squad
Marder III M Tank Destroyer
Pioneer Squad
Luftwaffe Officer Quarters
Jäger Squad
Jäger Squad
Selects King Tiger Heavy Tank
King Tiger Heavy Tank
Medical Bunker
Selects Interrogate
Marder III M Tank Destroyer
Selects Jericho Trumpet
Selects V1 Rocket Strike
King Tiger Heavy Tank
Marder III M Tank Destroyer
Marder III M Tank Destroyer
V1 Rocket Strike
Pioneer Squad
Marder III M Tank Destroyer
V1 Rocket Strike
Wirbelwind Flakpanzer
Jäger Squad
[14e]tuveuxdugateaux
DibbeTC
0
0
Comments
sign in to comment!
No comments posted yet!